 Dungeon Crawl Stone Soup version 0.29.0-4-gdea44cf6ec (webtiles) character file.

Game seed: 4246932604618260236

4 qw the Sneak (level 1, -3/14 HPs)
             Began as a Gargoyle Delver on Sept 10, 2022.
             Killed from afar by an orc wizard (8 damage)
             ... with a magic dart
             ... on level 5 of the Dungeon.
             The game lasted 00:00:05 (408 turns).

qw the Sneak (Gargoyle Delver)                       Turns: 408, Time: 00:00:06

Health: -3/14      AC:  5    Str: 15    XL:     1   Next: 60%
Magic:  1/1        EV: 11    Int: 10    God:
Gold:   0          SH:  0    Dex: 11    Spells: 0/0 levels left

rFire   . . .      SeeInvis .   a - +0 hand axe
rCold   . . .      Faith    .   (no shield)
rNeg    + . .      Spirit   .   b - +0 leather armour
rPois   inf        Reflect  .   (no helmet)
rElec   +          Harm     .   (no cloak)
rCorr   .          Rampage  .   (no gloves)
Will    .....                   (no boots)
Stlth   +.........              (no amulet)
HPRegen 0.04/turn               (no ring)
MPRegen 0.07/turn               (no ring)

@: confused
A: sickness immunity, AC +2, negative energy resistance 1, electricity
resistance, torment resistance 1, petrification resistance
a: no special abilities


You were on level 5 of the Dungeon.
You visited 1 branch of the dungeon, and saw 1 of its levels.


Innate Abilities, Weirdness & Mutations

You are immune to sickness and miasma.
Your stone body is resilient. (AC +2)
You are immune to poison.
You resist negative energy. (rN+)
You are resistant to electric shocks. (rElec)
You are resistant to unholy torment.
You are immune to petrification.


   Skills:
 - Level 3.2 Fighting
 + Level 2.1 Axes
 - Level 1.5 Dodging
 - Level 5.4 Stealth


You couldn't memorise any spells.
You didn't know any spells.
Your spell library was empty.

Inventory:

Hand Weapons
 a - a +0 hand axe (weapon)
 h - a +0 whip
Armour
 b - a +0 leather armour (worn)
Wands
 g - a wand of digging (3)
Potions
 f - a potion of haste

Dungeon Overview and Level Annotations

Branches:
Dungeon (5/15)
 Temple: D:4-7

Altars:


Message History

The orc wizard closely misses you.
You slash the orc wizard!
The orc wizard is heavily wounded.
The orc wizard hits you with a +0 dagger.
You closely miss the orc wizard.
The orc wizard is heavily wounded.
The orc wizard points at you and mumbles some strange words.
You resist with significant effort.
You hit the orc wizard.
The orc wizard is severely wounded.
You hit the orc. The orc wizard casts a spell at you.
You resist with significant effort. The orc closely misses you.
You hit the orc.
You kill the orc!
You barely miss the orc wizard.
The orc wizard hits you but does no damage.
You barely miss the orc wizard.
The orc wizard is severely wounded.
The orc wizard barely misses you. x2
You hit the orc wizard but do no damage.
The orc wizard is severely wounded.
The orc wizard hits you but does no damage.
You hit the orc wizard but do no damage.
The orc wizard is severely wounded.
The orc wizard barely misses you.
You closely miss the orc wizard.
The orc wizard is severely wounded.
The orc wizard hits you with a +0 dagger.
You closely miss the orc wizard.
The orc wizard is severely wounded.
The orc wizard points at you and mumbles some strange words.
You are confused.
You hit the orc wizard.
The orc wizard is almost dead.
The orc wizard hits you with a +0 dagger.
The orc wizard points at you and mumbles some strange words.
The magic dart hits you!
Ouch! That really hurt!
You die...

##...#######.
###..#####
#....#...##
#.#..#..#.#
#....#....#
#...?.....#
#######.#.#####
#.....o)).....##
#..#...@#....o.#
#....#..#..#.w...
#.......#........#
#....####.w.######
#.... ..#.# #.##
..w#.# #. .......
.###..(.# .. ##
.##


You could see an orc wizard.

Vanquished Creatures
  2 orcs (D:5)
2 creatures vanquished.

Notes
Turn   | Place    | Note
-------+----------+-------------------------------------------
     0 | D:5      | qw the Gargoyle Delver began the quest for the Orb.
     0 | D:5      | Reached XP level 1. HP: 14/14 MP: 1/1
     0 | D:5      | 0 ||| qw: Version: 0.1-a-116-g5d60599
     0 | D:5      | 0 ||| qw: Game counter: 9249
     0 | D:5      | 0 ||| qw: Always use a shield: true
     0 | D:5      | 0 ||| qw: God list: Okawaru
     0 | D:5      | 0 ||| qw: Allow faded altars: false
     0 | D:5      | 0 ||| qw: Do Orc after D:15 true
     0 | D:5      | 0 ||| qw: Do second Lair branch before Depths: true
     0 | D:5      | 0 ||| qw: Lair rune preference: random
     0 | D:5      | 0 ||| qw: Plans: Normal
     0 | D:5      | 0 ||| PLANNING D:1-11
    10 | D:5      | 10 ||| DROPPING scroll of fog.
    11 | D:5      | 11 ||| DROPPING scroll of magic mapping.
    12 | D:5      | 12 ||| DROPPING scroll of fear.
    17 | D:5      | 17 ||| Stepping ~*~*~tactically~*~*~ (hiding).
   119 | D:5      | 119 ||| Stepping ~*~*~tactically~*~*~ (hiding).
   221 | D:5      | 221 ||| Stepping ~*~*~tactically~*~*~ (hiding).
   246 | D:5      | 246 ||| Stepping ~*~*~tactically~*~*~ (stealth).
   247 | D:5      | 247 ||| Stepping ~*~*~tactically~*~*~ (hiding).
   249 | D:5      | 249 ||| Stepping ~*~*~tactically~*~*~ (stealth).
   250 | D:5      | 250 ||| Stepping ~*~*~tactically~*~*~ (stealth).
   253 | D:5      | 253 ||| Stepping ~*~*~tactically~*~*~ (stealth).
   256 | D:5      | Noticed an orc wizard
   257 | D:5      | 257 ||| Stepping ~*~*~tactically~*~*~ (stealth).
   364 | D:5      | 364 ||| Stepping ~*~*~tactically~*~*~ (stealth).
   365 | D:5      | 365 ||| Stepping ~*~*~tactically~*~*~ (stealth).
   367 | D:5      | 367 ||| Stepping ~*~*~tactically~*~*~ (stealth).
   408 | D:5      | Killed from afar by an orc wizard

Levels and vault maps discovered:
D:5:      layout_loops_ring, hellmonk_ghost_happy_afterlife, serial_shops,
          nicolae_shop_bloodbath_and_beyond, hangedman_abyss_or_decor_passed,
          hangedman_minor_gate_pass, uniq_pikel, uniq_duvessa

Skill      XL: |  1 |
---------------+----+-----
Axes           | 2 |  2.1
Fighting       | |  3.2
Dodging        | |  1.5
Stealth        | |  5.4

Action                   || total
-------------------------++-------
Melee: Hand axe          ||    15
       Punch             ||     1
Armor: Leather armour    ||     2
Dodge: Dodged            ||     7

Table legend:
 A = Non-vault XP
 B = Vault XP
 C = Vault XP percentage of total XP
 D = Non-vault monster count
 E = Vault monster count
 F = Vault count percentage of total count
                 A         B        C        D         E       F
            +---------+---------+-------+---------+---------+-------
      Total |       6 |       0 |   0.0 |       2 |       0 |   0.0
            +---------+---------+-------+---------+---------+-------
        D:5 |       6 |       0 |   0.0 |       2 |       0 |   0.0
            +---------+---------+-------+---------+---------+-------
